 Dungeon Crawl Stone Soup version 0.29.1-12-g30fa7ad0bf (webtiles) character file.

Game seed: 3722658169519671529

554679 concernfroge the Warrior (level 24, 0/208 HPs)
             Began as a Mummy Monk on Dec 12, 2022.
             Was an Elder of Ashenzari.
             Slain by a bennu (2 damage)
             ... while petrified
             ... on level 2 of the Tomb of the Ancients on Dec 17, 2022.
             The game lasted 07:34:01 (82694 turns).

concernfroge the Warrior (Mummy Monk)              Turns: 82694, Time: 07:34:01

Health: 0/208      AC: 46    Str: 22 (26) XL:     24   Next: 57%
Magic:  23/23      EV:  2    Int:  8      God:    Ashenzari [****..]
Gold:   3322       SH:  0    Dex: 19      Spells: 24/24 levels left

rFire   . . .      SeeInvis +   a - +9 broad axe (vorpal)
rCold   + . .      Faith    .   X - +10 tower shield of Ignorance {rN+ Int-4}
rNeg    + + +      Spirit   .   R - +9 crystal plate armour {rC+}
rPois   ∞          Reflect  +   F - +0 helmet of the Enigmatic Ordeal {Bglg, Fort} (curse)
rElec   +          Harm     .   M - +1 cloak of the Eternal Inaction {rElec Str+3, Fort, Self} (curse)
rCorr   .          Rampage  .   f - +0 pair of fencer's gloves {Riposte Dex+3}
Will    +....      Clarity  +   K - +2 pair of boots of the Oracular Sun {Melee, Self} (curse)
Stlth   ..........              z - amulet "Enlightened Oracle" {Reflect SH+5, Evo, Melee} (curse)
HPRegen 0.44/turn               U - ring "Mantic Ennui" {Slay+4, Range, Cun} (curse)
MPRegen 0.18/turn               Z - ring "I Foresaw This" {rF+ rC- rN+ Int+2 Slay+3, Comp, Self} (curse)

@: petrified, weak-willed, marked, slowed
A: cold resistance 1, negative energy resistance 3, torment resistance 2, heat
vulnerability 1, in touch with death 2, no potions
}: 4/15 runes: serpentine, barnacled, slimy, silver
a: Renounce Religion, Curse Item, Shatter the Chains


You were on level 2 of the Tomb of the Ancients.
You worshipped Ashenzari.
Ashenzari was greatly pleased with you.
You visited 11 branches of the dungeon, and saw 48 of its levels.
You visited the Abyss 1 time.
You visited 1 bazaar.
You also visited: Ossuary and Ice Cave.

You collected 7165 gold pieces.
You spent 3843 gold pieces at shops.

Inventory:

Hand Weapons
 a - a +9 vorpal broad axe (weapon)
 b - a +5 spectral demon trident
Missiles
 c - 6 atropa-tipped darts
 h - 42 poisoned darts
 m - 9 silver boomerangs
 n - 7 datura-tipped darts
 q - 9 boomerangs of dispersal
 w - 7 throwing nets
 G - 44 stones (quivered)
 I - 11 silver javelins
 Y - 5 javelins
Armour
 f - the +0 pair of fencer's gloves (worn) {Riposte Dex+3}
   (You bought it in a shop on level 1 of the Dungeon)

   It allows the wearer to riposte with melee weapons, swiftly retaliating
   against missed or blocked melee attacks.
   Dex:       It affects your dexterity (+3).
 j - +0 acid dragon scales
 F - the cursed +0 helmet of the Enigmatic Ordeal (worn) {Bglg, Fort}
   (You bought it in a shop on level 1 of the Dungeon)

   It has a curse which improves the following skills: Beguiling: Conjurations,
   Hexes and Translocations.
   Fortitude: Armour and Shields.
 K - the cursed +2 pair of boots of the Oracular Sun (worn) {Melee, Self}
   (You found it on level 14 of the Dungeon)

   It has a curse which improves the following skills: Melee Combat: Short
   Blades, Long Blades, Axes, Maces & Flails, Polearms, Staves and Unarmed
   Combat.
   Introspection: Fighting and Spellcasting.
 M - the cursed +1 cloak of the Eternal Inaction (worn) {rElec Str+3, Fort, Self}
   (You found it on level 3 of the Crypt)

   Str:       It affects your strength (+3).
   rElec:     It insulates you from electricity.
   It has a curse which improves the following skills: Fortitude: Armour and
   Shields.
   Introspection: Fighting and Spellcasting.
 P - a +0 pair of gloves of hurling
 R - a +9 crystal plate armour of cold resistance (worn)
 X - the +10 tower shield of Ignorance (worn) {rN+ Int-4}
   (You found it on level 5 of the Pits of Slime)

   Int:       It affects your intelligence (-4).
   rN:        It protects you from negative energy.
Jewellery
 k - an amulet of regeneration
 z - the cursed amulet "Enlightened Oracle" (around neck) {Reflect SH+5, Evo, Melee}
   (You took it off a deep elf high priest on level 5 of the Vaults)

   [amulet of reflection]

   It reflects blocked missile attacks.
   SH:        It affects your SH (+5).
   It has a curse which improves the following skills: Evocations: Evocations.
   Melee Combat: Short Blades, Long Blades, Axes, Maces & Flails, Polearms,
   Staves and Unarmed Combat.
 D - a ring of flight
 H - the ring "Igong" {+Blink rN+ SInv}
   (You found it on level 3 of the Crypt)

   [ring of positive energy]

   rN:        It protects you from negative energy.
   SInv:      It lets you see invisible.
   +Blink:    It lets you blink.
 U - the cursed ring "Mantic Ennui" (left hand) {Slay+4, Range, Cun}
   (You found it on level 5 of the Lair of Beasts)

   [ring of slaying]

   Slay:      It affects your accuracy & damage with ranged weapons and melee
   (+4).
   It has a curse which improves the following skills: Ranged Combat: Ranged
   Weapons and Throwing.
   Cunning:   Dodging and Stealth.
 Z - the cursed ring "I Foresaw This" (right hand) {rF+ rC- rN+ Int+2 Slay+3, Comp, Self}
   (You found it in an ice cave)

   [ring of positive energy]

   Int:       It affects your intelligence (+2).
   Slay:      It affects your accuracy & damage with ranged weapons and melee
   (+3).
   rF:        It protects you from fire.
   rC:        It makes you vulnerable to cold.
   rN:        It protects you from negative energy.
   It has a curse which improves the following skills: Companions: Summonings
   and Necromancy.
   Introspection: Fighting and Spellcasting.
Wands
 e - a wand of paralysis (11)
 o - a wand of digging (10)
 r - a wand of flame (80)
 C - a wand of roots (3)
 O - a wand of polymorph (2)
Scrolls
 d - 8 scrolls of amnesia
 s - 2 scrolls of immolation
 u - 12 scrolls of noise
 v - 4 scrolls of enchant armour
 x - 2 scrolls of silence
 y - 8 scrolls of fog
 A - 6 scrolls of teleportation
 B - 6 scrolls of magic mapping
 E - 2 scrolls of poison
 J - 4 scrolls of vulnerability
 N - 4 scrolls of torment
 V - 2 scrolls of brand weapon
 W - 5 scrolls of fear
Miscellaneous
 l - a condenser vane (inert)
 p - a phial of floods (inert)
 t - a tin of tremorstones (inert)
 Q - a phantom mirror (inert)
 S - a box of beasts (inert)
 T - a lightning rod (4/4)


   Skills:
 + Level 17.5(21.2) Fighting
 - Level 13.3(18.0) Axes
 - Level 13.2(17.9) Polearms
 - Level 14.1(16.0) Throwing
 - Level 17.2(20.0) Armour
 - Level 8.3(10.3) Dodging
 - Level 1.5(2.9) Stealth
 - Level 17.2(20.0) Shields
 - Level 14.1(16.0) Evocations


You had 24 spell levels left.
You didn't know any spells.
Your spell library contained the following spells:

 Spells                   Type           Power      Damage    Failure   Level
 Apportation              Tloc           0%         N/A       100%        1
 Foxfire                  Conj/Fire      0%         2x1d4     100%        1
 Magic Dart               Conj           0%         1d3       100%        1
 Necrotise                Necr           4%         1d4       100%        1
 Shock                    Conj/Air       0%         1d3       100%        1
 Slow                     Hex            0%         N/A       100%        1
 Summon Small Mammal      Summ           0%         N/A       100%        1
 Call Imp                 Summ           0%         N/A       100%        2
 Scorch                   Fire           0%         2d5       100%        2
 Static Discharge         Conj/Air       0%         3-3/arc   100%        2
 Confusing Touch          Hex            0%         N/A       100%        3
 Conjure Flame            Conj/Fire      0%         6-21      100%        3
 Dazzling Flash           Conj/Hex       0%         N/A       100%        3
 Frozen Ramparts          Ice            0%         1d1       100%        3
 Gell's Gravitas          Tloc           0%         N/A       100%        3
 Inner Flame              Hex/Fire       0%         N/A       100%        3
 Lesser Beckoning         Tloc           0%         N/A       100%        3
 Mephitic Cloud           Conj/Pois/Air  0%         N/A       100%        3
 Ozocubu's Armour         Ice            0%         N/A       100%        3
 Swiftness                Air            0%         N/A       100%        3
 Teleport Other           Tloc           0%         N/A       100%        3
 Vampiric Draining        Necr           1%         2d6       100%        3
 Airstrike                Air            0%         2d(0-16)  100%        4
 Anguish                  Hex/Necr       0%         N/A       100%        4
 Cause Fear               Hex            0%         N/A       100%        4
 Flame Wave               Conj/Fire      0%         2d4       100%        4
 Iskenderun's Mystic Bla  Conj/Tloc      0%         2d3       100%        4
 Leda's Liquefaction      Hex/Erth       0%         N/A       100%        4
 Petrify                  Tmut/Erth      0%         N/A       100%        4
 Summon Ice Beast         Ice/Summ       0%         N/A       100%        4
 Agony                    Necr           1%         N/A       100%        5
 Borgnjor's Vile Clutch   Necr/Erth      0%         N/A       100%        5
 Fireball                 Conj/Fire      0%         3d3       100%        5
 Irradiate                Conj/Tmut      0%         3d11      100%        5
 Iskenderun's Battlesphe  Conj           0%         2d6       100%        5
 Lee's Rapid Deconstruct  Erth           0%         3d5*      100%        5
 Metabolic Englaciation   Hex/Ice        0%         N/A       100%        5
 Silence                  Hex/Air        0%         N/A       100%        5
 Summon Forest            Summ/Tloc      0%         N/A       100%        5
 Summon Mana Viper        Hex/Summ       0%         N/A       100%        5
 Yara's Violent Unravell  Hex/Tmut       0%         3d3       100%        5
 Conjure Ball Lightning   Conj/Air       0%         3x3d6     100%        6
 Dispersal                Tloc           0%         N/A       100%        6
 Iron Shot                Conj/Erth      0%         9d1       100%        6
 Simulacrum               Ice/Necr       0%         N/A       100%        6
 Starburst                Conj/Fire      0%         6d3       100%        6
 Summon Cactus Giant      Summ           0%         N/A       100%        6
 Enfeeble                 Hex            0%         N/A       100%        7
 Spellforged Servitor     Conj/Summ      0%         N/A       100%        7
 Discord                  Hex            0%         N/A       100%        8
 Disjunction              Tloc           0%         N/A       100%        8
 Ignition                 Fire           0%         3d3       100%        8
 Dragon's Call            Summ           0%         N/A       100%        9
 Sublimation of Blood     Necr           Unusable   N/A       N/A         2
 Ice Form                 Ice/Tmut       Unusable   N/A       N/A         4
 Blade Hands              Tmut           Unusable   N/A       N/A         5
 Statue Form              Tmut/Erth      Unusable   N/A       N/A         6
 Dragon Form              Tmut           Unusable   N/A       N/A         7
 Borgnjor's Revivificati  Necr           Unusable   N/A       N/A         8
 Death's Door             Necr           Unusable   N/A       N/A         9

Dungeon Overview and Level Annotations

Branches:
Dungeon (15/15)            Temple (1/1) D:7            Lair (5/5) D:10
 Shoals (4/4) Lair:3        Snake (4/4) Lair:2        Slime (5/5) Lair:5
    Orc (2/2) D:11            Elf (2/3) Orc:2        Vaults (5/5) D:14
  Crypt (3/3) Vaults:2       Tomb (2/3) Crypt:3      Depths (0/4) D:15
Ossuary (visited)           IceCv (visited)

Altars:
Ashenzari
Cheibriados
Dithmenos
Fedhas
Gozag
Hepliaklqana
Kikubaaqudgha
Makhleb
Nemelex Xobeh
Okawaru
Qazlal
Ru
Sif Muna
Trog
Uskayaw
Vehumet
Wu Jian
Xom
Yredelemnul
Jiyva

Shops:
D:1 [   D:3 ((([   D:5 [[   Orc:2 ?(*?   Elf:2 (   Shoals:1 *   Vaults:1 (

Portals:
Trove: D:13 (give 6 scrolls of fear)

Annotations:
D:4 Blork the orc


Innate Abilities, Weirdness & Mutations

You are immune to poison.
Your flesh is cold resistant. (rC+)
You are immune to negative energy. (rN+++)
You are immune to unholy pain and torment.
You are vulnerable to heat. (rF-)
You are strongly in touch with the powers of death.
You do not drink.


Message History

The bennu blinks!
The bennu enters a dispersal trap!
The ushabti blinks!
The Tzitzimitl blinks! x2; The sixfirhy blinks! x2; The ushabti blinks!
The mummy priest blinks!
The jiangshi blinks!
You blink.
An eldritch tentacle comes into view.
The bennu blinks! x2; You blink.
The mummy priest blinks!
The bennu pecks you but does no damage. The bennu claws you but does no damage.
The bennu claws you!
* * * LOW HITPOINT WARNING * * *
The mummy priest hits you but does no damage.
You are engulfed in whirling frost.
You float gracefully downwards.
The bennu pecks you!
* * * LOW HITPOINT WARNING * * *
The bennu sears you!!
* * * LOW HITPOINT WARNING * * *
The bennu claws you but does no damage. x2
The death scarab fails to trigger a net trap.
The death scarab bites you but does no damage.
The death scarab bites you but does no damage.
The bennu jubilantly flits about.
The bennu pecks you but does no damage.
The bennu claws you but does no damage. x2
The death scarab bites you but does no damage.
The mummy priest hits you.
* * * LOW HITPOINT WARNING * * *
The bennu pecks you but does no damage.
The bennu claws you but does no damage. x2
The death scarab bites you.
* * * LOW HITPOINT WARNING * * *
The death scarab drains your vigour!
You feel as though you will be slow longer.
The death scarab bites you but does no damage.
The bennu pecks you but does no damage.
The bennu claws you but does no damage. x2
The mummy priest completely misses you.
The ushabti shakes and rattles deafeningly!
The death scarab bites you!
* * * LOW HITPOINT WARNING * * *
The bennu pecks you but does no damage. The bennu claws you but does no damage.
The bennu claws you.
* * * LOW HITPOINT WARNING * * *
The death scarab bites you but does no damage.
The bennu pecks you.
You die...

##§§§§§#9,,*,....#.M.#M
##.....#{,,*.,?.#b....#
##..w^.#.,,,#.,#.......
##..│..#.,,{#..#.......
##.<^.<#{{{,*,#...(....
##..*^.#.,,,,##[.......
##...V1#^,,,,#M.......(
##..9Mb#.,,,,##........
##..BB@#.,,,*,#....=...
####3###.,,,#Z.#.......
#.....#.,,,#.,#.......
#..{..#,,,*.,..#....b#
#^§...#,,,*,...M#.M.#.
*B....#,,,*,.....###^.
#..MB.#,,,*,,,,,,,,,,,
*,,.M.#,,,,,,,,,,,,,,,
*^,,,,*,,,,,,,^,,,,,,,


You could see an eldritch tentacle, a Tzitzimitl, a bennu, a mummy priest, a
jiangshi (summoned), an ushabti (catching breath), a sixfirhy (summoned) and 2
death scarabs.

Vanquished Creatures
  the Royal Jelly (Slime:5)
  A dread lich (Crypt:3)
  Mara (Shoals:4)
  An ancient lich (Vaults:5)
  3 royal mummies
  Sojobo (Vaults:3)
  Frederick (Vaults:3)
  Bai Suzhen (Snake:3)
  Vashnia (Snake:3)
  Nikola (Snake:1)
  2 doom hounds (Crypt:1)
  A Tzitzimitl (Crypt:1)
  A bone dragon (Abyss:4)
  2 shard shrike zombies (Crypt:3)
  Zenata (Crypt:2)
  4 tentacled monstrosities
  7 liches
  3 titans
  A deep elf blademaster (Elf:2)
  Grunn (Crypt:1)
  3 quicksilver dragons
  21 acid blobs
  The ghost of Maokuocsey the Warrior, an adept HOFi of Jiyva (Snake:3)
  9 sphinxes
  3 tentacled starspawn
  Polyphemus (Shoals:2)
  2 storm dragons (Vaults:4)
  Kirke (Shoals:1)
  4 nagarajas
  4 tengu reavers
  A shadow dragon (Vaults:4)
  A fire giant (Vaults:5)
  4 revenants
  A draconian knight (IceCv)
  6 azure jellies
  7 rockslimes
  2 orc warlords
  21 vault wardens
  3 iron dragons (Vaults:5)
  2 deep elf sorcerers (Vaults:5)
  2 frost giants (Shoals:2)
  A caustic shrike zombie (Crypt:3)
  A deep elf elementalist (Elf:1)
  2 juggernaut zombies (Crypt:3)
  Aizul (Snake:4)
  4 curse skulls
  7 ghouls
  3 stone giants (Vaults:5)
  5 reapers
  2 caustic shrike skeletons (Crypt:3)
  15 quicksilver oozes
  4 war gargoyles
  3 vampire knights
  10 very ugly things
  19 ironbound preservers
  A juggernaut skeleton (Crypt:2)
  9 ironbound thunderhulks
  8 bennus
  An entropy weaver (Vaults:1)
  3 putrid mouths (Crypt:1)
  8 dire elephants (Vaults:1)
  2 deep elf demonologists
  5 white draconians (IceCv)
  A deep elf annihilator (Vaults:5)
  4 deep elf death magi
  6 ettins
  Snorg (D:10)
  3 merfolk javelineers (Shoals:4)
  A quicksilver dragon zombie (Crypt:3)
  4 jiangshi
  8 eidola
  An acid blob zombie (Crypt:1)
  13 mummy priests
  11 merfolk impalers (Shoals:4)
  2 fire dragons
  4 deep elf high priests
  12 great orbs of eyes
  4 salamander tyrants
  43 vault guards
  2 spriggan zombies (Crypt:3)
  10 yaktaur captains
  A quicksilver dragon skeleton (Crypt:1)
  3 boulder beetles
  7 hydras
  2 ogre magi
  11 ironbound frosthearts
  2 spriggan skeletons
  Harold (D:10)
  3 merfolk avatars
  2 catoblepae
  3 merfolk aquamancers
  6 two-headed ogres
  12 anacondas
  3 alligator snapping turtles
  2 peacekeepers (Vaults:2)
  19 centaur warriors
  2 death knights
  15 naga warriors
  A tengu warrior (D:15)
  5 satyrs
  24 dancing weapons
  5 death scarabs
  3 death yaks
  Urug (D:10)
  21 naga sharpshooters
  2 shock serpents (Snake:4)
  Nergalle (Orc:1)
  2 hell knights
  Sonja (Lair:2)
  3 soul eaters (Crypt:3)
  17 deep elf knights
  A titan skeleton (Crypt:3)
  A wretched star (Abyss:3)
  10 skeletal warriors
  5 salamander mystics
  Amaemon (D:9)
  An elf simulacrum (Crypt:1)
  10 sea snakes
  2 glowing orange brains
  A bunyip zombie (Crypt:3)
  A golden dragon zombie (Crypt:2)
  59 deep trolls
  A kraken simulacrum (Shoals:2)
  A flayed ghost (Vaults:2)
  8 deep elf archers
  A shadow dragon zombie (Crypt:3)
  An orange crystal statue (IceCv)
  14 lindwurms
  16 deep elf zephyrmancers
  Pikel (D:7)
  23 phantasmal warriors
  3 bog bodies
  9 naga ritualists
  14 ironbound convokers
  7 wizards
  3 large abominations
  12 harpies
  7 orc knights
  A mana viper (shapeshifter) (Vaults:5)
  An anaconda skeleton (Crypt:1)
  12 mana vipers
  16 necromancers
  11 cyclopes
  4 oklob plants (Lair:2)
  A shadow dragon skeleton (Tomb:1)
  21 deep elf pyromancers
  10 fauns
  4 shining eyes
  5 orc sorcerers
  8 ugly things
  A tengu skeleton (Vaults:2)
  2 centaur zombies (Crypt:3)
  14 salamanders
  15 manticores
  5 elephants (Lair:4)
  6 wolf spiders
  12 guardian serpents
  3 frost giant skeletons
  35 black mambas
  2 fire giant skeletons
  A black mamba (shapeshifter) (D:14)
  A draconian skeleton (Crypt:3)
  6 merfolk sirens
  An eye of devastation (Slime:2)
  4 torpor snails (Lair:5)
  11 water nymphs
  23 vault sentinels
  22 naga magi
  12 cane toads
  5 storm dragon simulacra (IceCv)
  2 unseen horrors
  An orange demon (D:9)
  2 naga skeletons
  4 rime drakes
  A dire elephant skeleton (Crypt:3)
  9 freezing wraiths
  44 yaktaurs
  A kobold demonologist (D:7)
  2 efreet (D:14)
  4 komodo dragons
  An unseen horror (shapeshifter) (Vaults:5)
  An alligator snapping turtle skeleton (Crypt:1)
  3 tormentors (Crypt:1)
  A sea snake zombie (Crypt:2)
  An alligator snapping turtle zombie (Crypt:3)
  A hydra zombie (Crypt:1)
  12 hellwings (Crypt:3)
  4 trolls
  23 merfolk
  A harpy zombie (Crypt:1)
  A black draconian skeleton (Crypt:2)
  6 golden dragon simulacra (IceCv)
  13 guardian mummies
  2 yaktaur skeletons (Vaults:2)
  A polar bear (Lair:5)
  3 meliai (D:15)
  Grinder (D:6)
  6 saltlings (Orc:2)
  Prince Ribbit (D:7)
  11 wind drakes
  A tyrant leech (shapeshifter) (Vaults:5)
  3 tyrant leeches (Lair:5)
  11 blink frogs
  A slime creature (shapeshifter) (D:15)
  11 snapping turtles
  A stone giant simulacrum (Crypt:1)
  12 hornets
  7 dream sheep
  A guardian serpent zombie (Crypt:2)
  113 slime creatures
  3 raiju (Abyss:3)
  2 ettin skeletons
  2 jumping spiders (Crypt:3)
  8 air elementals
  A naga simulacrum (Crypt:1)
  2 shadows (D:11)
  2 fire elementals
  4 humans
  9 flying skulls (Tomb:1)
  31 water elementals
  16 wyverns
  2 hogs (Shoals:1)
  A vampire (D:9)
  22 yaks
  10 wraiths
  6 basilisks
  5 alligator snapping turtle simulacra
  5 ushabtiu
  8 golden eyes
  An elf skeleton (Vaults:2)
  2 steam dragons
  9 redbacks
  3 death yak simulacra (Shoals:2)
  A redback (shapeshifter) (Vaults:5)
  4 harpy simulacra (Shoals:2)
  2 acid dragons
  52 nagas
  A demonspawn zombie (Crypt:3)
  19 water moccasins
  Edmund (D:6)
  Duvessa (D:7)
  A floating eye (Lair:2)
  A meliai simulacrum (D:14)
  A cane toad skeleton (Crypt:1)
  2 ice beasts
  A black bear (D:9)
  2 glowing shapeshifter skeletons (Vaults:2)
  22 orc warriors
  5 ice dragon simulacra (IceCv)
  A sky beast (D:6)
  8 wolves
  10 boggarts
  2 ettin simulacra (Crypt:1)
  A satyr simulacrum (Shoals:2)
  4 human skeletons (Vaults:2)
  3 ogres
  6 centaurs
  4 lemures
  7 kobold brigands
  5 elf zombies
  A faun simulacrum (Shoals:2)
  5 bullfrogs
  8 necrophages
  2 merfolk simulacra (Shoals:2)
  2 scorpions
  2 earth elementals
  2 troll zombies (D:11)
  17 wights
  A wyvern skeleton (Crypt:3)
  Dowan (D:7)
  16 killer bees
  4 lindwurm simulacra (IceCv)
  3 manticore simulacra (Shoals:2)
  2 howler monkeys
  3 snapping turtle simulacra (Shoals:2)
  A shapeshifter skeleton (Crypt:1)
  A polar bear skeleton (Crypt:1)
  A lava snake (D:7)
  3 jellies
  5 starcursed masses (Abyss:3)
  Crazy Yiuf (D:4)
  A gnoll bouda (D:5)
  9 orc priests
  A cyclops simulacrum (Shoals:2)
  2 hounds
  3 centaur skeletons
  4 iguanas
  20 orc wizards
  A tengu zombie (Crypt:1)
  A naga zombie (Crypt:2)
  6 ogre zombies (D:11)
  A hound zombie (Ossuary)
  22 mummies
  4 adders
  13 gnolls
  2 shadow imps
  A white imp (D:5)
  An ufetubus (D:7)
  3 worms
  A dart slug (D:4)
  69 orcs
  5 bats
  10 endoplasms
  4 giant cockroaches
  A gnoll zombie (Ossuary)
  4 goblins
  A hobgoblin (D:4)
  2 jackals (D:5)
  A quokka (D:1)
  3 training dummies (Elf:2)
  6 ball pythons
  3 frilled lizards
  2 goblin skeletons (D:11)
  4 goblin zombies
  2 hobgoblin skeletons (Crypt:2)
  A hobgoblin zombie (D:11)
  A jackal zombie (Ossuary)
  14 kobolds
  2 kobold zombies
  5 orc skeletons (D:11)
  18 orc zombies
  9 rats
  2 rat zombies (Ossuary)
  2 bushes (Lair:2)
  4 starspawn tentacles (Abyss:3)
2043 creatures vanquished.

Vanquished Creatures (collateral kills)
  Boris (Crypt:3)
  A doom hound (Crypt:1)
  4 vault wardens
  An iron dragon (Vaults:5)
  An ironbound thunderhulk (Vaults:1)
  3 ironbound preservers
  An eidolon (Crypt:3)
  A deep elf death mage (Crypt:1)
  An ettin (Orc:2)
  A vault guard (D:14)
  A boulder beetle (Vaults:1)
  A hydra (D:15)
  An ironbound frostheart (Vaults:3)
  2 dancing weapons (Elf:2)
  An orc high priest (Orc:2)
  2 deep elf knights (Elf:2)
  3 deep trolls
  2 sea snakes
  2 bog bodies (Crypt:1)
  An orc knight (Vaults:1)
  A lindwurm (Vaults:1)
  A necromancer (Elf:1)
  A faun (Shoals:3)
  A manticore (Shoals:1)
  A merfolk siren (Shoals:3)
  An elephant (Lair:4)
  2 vault sentinels
  A torpor snail (Lair:5)
  3 yaktaurs
  A golden dragon simulacrum (IceCv)
  2 slime creatures (Vaults:1)
  A water elemental (Shoals:4)
  A large abomination (Elf:1)
  A naga (Snake:3)
  2 boggarts (Vaults:1)
51 creatures vanquished.

Vanquished Creatures (others)
  A vault warden (Vaults:2)
  A deep elf demonologist (Vaults:5)
  A vault guard (Vaults:3)
  A death scarab (Tomb:2)
  A deep elf zephyrmancer (Elf:1)
  A phantasmal warrior (Vaults:1)
  A vault sentinel (Vaults:5)
  A merfolk (Shoals:4)
  A wind drake (Shoals:1)
  A large abomination (Elf:1)
  An elf zombie (Elf:1)
  A mummy (Tomb:2)
  21 fungi
  155 plants
  4 starspawn tentacles (Abyss:3)
  4 tentacles (Shoals:2)
  12 withered plants (Crypt:3)
208 creatures vanquished.

Grand Total: 2302 creatures vanquished

Notes
Turn   | Place    | Note
-------+----------+-------------------------------------------
     0 | D:1      | concernfroge the Mummy Monk began the quest for the Orb.
     0 | D:1      | Reached XP level 1. HP: 18/18 MP: 1/1
    59 | D:1      | Found Avogeax's Antique Armour Shop.
   342 | D:1      | Reached XP level 2. HP: 24/24 MP: 2/2
   787 | D:1      | Found a faded altar of an unknown god.
   789 | D:1      | Noticed a shining eye
   789 | D:1      | Noticed an eye of devastation
   791 | D:1      | Noticed an eye of devastation
   791 | D:1      | Noticed a floating eye
  1382 | D:2      | Gained mutation: You are in touch with the powers of death.
                  | [Mummy growth]
  1382 | D:2      | Reached XP level 3. HP: 29/31 MP: 3/3
  1704 | D:3      | Found Gishruig's Antique Weapon Boutique.
  1920 | D:3      | Found Nytoaz's Antique Armour Shop.
  1967 | D:3      | Found Nidde's Weapon Emporium.
  1994 | D:3      | Bought 2 silver boomerangs for 42 gold pieces
  2001 | D:3      | Found Cuamoeh's Antique Weapon Shoppe.
  2169 | D:4      | Reached skill level 5 in Fighting
  2169 | D:4      | Reached XP level 4. HP: 35/39 MP: 4/4
  2507 | D:4      | Identified the ring "Icinuag" {Ice +Blink Str-5 Dex+4
                  | Stlth+}
  2520 | D:4      | Noticed Blork the orc
  2535 | D:5      | Entered Level 5 of the Dungeon
  2820 | D:5      | Found Fomalets's Antique Armour Emporium.
  2832 | D:5      | Found an ancient bone altar of Kikubaaqudgha.
  2922 | D:5      | Found an iron altar of Okawaru.
  2924 | D:5      | Found an opulent altar of Gozag.
  2925 | D:5      | Found a basalt altar of Yredelemnul.
  2925 | D:5      | Found a radiant altar of Vehumet.
  2927 | D:5      | Found a bloodstained altar of Trog.
  2928 | D:5      | Found a shimmering altar of Xom.
  2948 | D:5      | You fall into a shaft and drop 3 floors!
  2970 | D:8      | Found a sand-covered staircase.
  2979 | D:8      | Reached XP level 5. HP: 14/46 MP: 5/5
  3193 | Ossuary  | Entered an ossuary
  3196 | Ossuary  | Identified a scroll of acquirement
  3196 | Ossuary  | Acquired the +9 halberd of Ru, Fortifying {flame, Dex+2
                  | SInv}
  3211 | Ossuary  | Reached XP level 6. HP: 39/53 MP: 6/6
  3734 | D:8      | Reached XP level 7. HP: 38/60 MP: 7/7
  4186 | D:7      | Noticed a two-headed ogre
  4243 | D:8      | Reached skill level 5 in Polearms
  4431 | D:8      | Found a burning altar of Makhleb.
  4497 | D:8      | Reached XP level 8. HP: 59/67 MP: 8/8
  4713 | D:7      | Found a sparkling altar of Nemelex Xobeh.
  4741 | D:7      | Noticed Duvessa
  4741 | D:7      | Noticed Dowan
  4751 | D:7      | Killed Duvessa
  4771 | D:7      | Killed Dowan
  5570 | D:6      | Found a snail-covered altar of Cheibriados.
  5577 | D:6      | Reached XP level 9. HP: 47/72 MP: 9/9
  5800 | D:6      | Noticed Edmund
  5808 | D:6      | Killed Edmund
  5946 | D:6      | Noticed Grinder
  5953 | D:6      | Killed Grinder
  6292 | D:5      | Found Wutiup's Antique Armour Boutique.
  6883 | D:5      | Bought a transparent chain mail for 256 gold pieces
  6883 | D:5      | Identified the +1 chain mail of the Filigreed God {Will+}
                  | (You bought it in a shop on level 5 of the Dungeon)
  7012 | D:3      | Bought a glowing cloak for 172 gold pieces
  7052 | D:4      | Got the Parchment of the Dead and Production
  7594 | D:4      | Found a runed translucent door.
  7595 | D:4      | Noticed Crazy Yiuf
  7600 | D:4      | Killed Crazy Yiuf
  7929 | D:7      | Reached skill level 10 in Polearms
  8118 | D:7      | Killed a two-headed ogre
  8128 | D:7      | Noticed Pikel
  8159 | D:7      | Killed Pikel
  8160 | D:7      | Reached XP level 10. HP: 70/79 MP: 10/10
  8207 | D:7      | Found a staircase to the Ecumenical Temple.
  8232 | D:7      | Noticed Prince Ribbit
  8238 | Temple   | Entered the Ecumenical Temple
  8245 | Temple   | Became a worshipper of Ashenzari the Shackled
  8256 | D:7      | Killed Prince Ribbit
  8267 | D:7      | Reached * piety under Ashenzari
  8357 | D:7      | Found the +7 Throatcutter {drain, coup de grace}
  8364 | D:7      | Noticed an orange demon
  9229 | D:9      | Noticed a two-headed ogre
  9232 | D:9      | Killed a two-headed ogre
  9534 | D:9      | Noticed Amaemon
  9534 | D:9      | Noticed an orange demon
  9556 | D:9      | Killed Amaemon
  9559 | D:9      | Killed an orange demon
  9669 | D:9      | Reached XP level 11. HP: 85/85 MP: 11/11
 10416 | D:10     | Entered Level 10 of the Dungeon
 10729 | D:9      | Reached ** piety under Ashenzari
 11518 | D:1      | Bought a helmet for 121 gold pieces
 11847 | D:10     | Noticed Urug
 11854 | D:10     | Killed Urug
 11998 | D:10     | Noticed Harold
 12001 | D:10     | Noticed Snorg
 12018 | D:10     | Killed Harold
 12019 | D:10     | Reached skill level 10 in Fighting
 12019 | D:10     | Reached skill level 1 in Armour
 12314 | D:10     | Found a staircase to the Lair.
 12396 | D:10     | Killed Snorg
 12834 | D:11     | Found a staircase to the Orcish Mines.
 12910 | D:11     | Noticed a two-headed ogre
 12924 | D:11     | Killed a two-headed ogre
 13416 | D:11     | Reached skill level 1 in Throwing
 13416 | D:11     | Reached skill level 1 in Evocations
 13668 | D:11     | Noticed a two-headed ogre
 13674 | D:11     | Killed a two-headed ogre
 13834 | D:11     | Reached *** piety under Ashenzari
 13834 | D:11     | Reached **** piety under Ashenzari
 14072 | Lair:1   | Entered Level 1 of the Lair of Beasts
 14106 | Lair:1   | Reached XP level 12. HP: 88/102 MP: 12/12
 15015 | Lair:2   | Noticed Sonja
 15028 | Lair:2   | Killed Sonja
 15111 | Lair:2   | Paralysed by a floating eye for 2 turns
 15363 | Lair:2   | Found a staircase to the Snake Pit.
 15957 | Lair:3   | Reached skill level 5 in Armour
 15959 | Lair:3   | Reached skill level 5 in Dodging
 16395 | Lair:3   | Found a dark tunnel.
 16520 | Lair:3   | Reached skill level 5 in Evocations
 16596 | Lair:3   | Found a staircase to the Shoals.
 16650 | Lair:3   | Noticed a seven-headed hydra
 16658 | Lair:3   | Killed a five-headed hydra
 17557 | Lair:4   | Reached skill level 5 in Throwing
 17568 | Lair:4   | Gained mutation: You are strongly in touch with the powers
                  | of death. [Mummy growth]
 17568 | Lair:4   | Reached XP level 13. HP: 27/107 MP: 13/13
 18510 | Lair:5   | Entered Level 5 of the Lair of Beasts
 19535 | Lair:5   | Found a staircase to the Slime Pits.
 19535 | Lair:5   | Found a viscous altar of Jiyva.
 20350 | Lair:5   | Found a runed translucent door.
 20351 | Lair:5   | Noticed a fire dragon
 21390 | Lair:5   | Killed a fire dragon
 21766 | D:1      | Bought the +0 pair of fencer's gloves {Riposte Dex+3} for
                  | 1080 gold pieces
 21766 | D:1      | Found the +0 pair of fencer's gloves {Riposte Dex+3}
 22321 | D:12     | Reached XP level 14. HP: 111/114 MP: 14/14
 22558 | Orc:1    | Entered Level 1 of the Orcish Mines
 22558 | Orc:1    | Noticed an orc warlord
 22577 | Orc:1    | Killed an orc warlord
 22592 | Orc:1    | Noticed Nergalle
 22602 | Orc:1    | Killed Nergalle
 23491 | Orc:2    | Entered Level 2 of the Orcish Mines
 23491 | Orc:2    | Found a staircase to the Elven Halls.
 24351 | Orc:2    | Found Zixarchid's Magic Scroll Boutique.
 24924 | Orc:2    | Found Feiptib's Antique Weapon Shop.
 24928 | Orc:2    | Found Ezxarar's Assorted Antiques.
 25059 | Orc:2    | Found Segudoihel's Magic Scroll Emporium.
 25601 | D:13     | Found a portal to a secret trove of treasure.
 27419 | D:14     | Reached skill level 10 in Throwing
 27500 | D:14     | Found a gate to the Vaults.
 27507 | D:14     | Reached XP level 15. HP: 121/121 MP: 15/15
 28039 | D:14     | Acquired 507 gold pieces
 28064 | D:15     | Entered Level 15 of the Dungeon
 28065 | D:15     | Found a shadowy altar of Dithmenos.
 28483 | D:15     | Found a staircase to the Depths.
 28910 | D:15     | Reached ***** piety under Ashenzari
 29197 | Snake:1  | Entered Level 1 of the Snake Pit
 29268 | Snake:1  | Reached skill level 1 in Axes
 29268 | Snake:1  | Reached skill level 1 in Shields
 29394 | Snake:1  | Noticed Nikola
 29427 | Snake:1  | Killed Nikola
 32545 | Snake:2  | Reached skill level 5 in Axes
 32545 | Snake:2  | Reached skill level 5 in Shields
 34045 | Snake:3  | Noticed Bai Suzhen
 34116 | Shoals:1 | Entered Level 1 of the Shoals
 34124 | Shoals:1 | Reached XP level 16. HP: 125/130 MP: 16/16
 34707 | Shoals:1 | Noticed Kirke
 34717 | Shoals:1 | Killed Kirke
 34827 | Shoals:1 | Found Iklinusk's General Store.
 34836 | Shoals:1 | Bought a tin of tremorstones (2/2) for 760 gold pieces
 36238 | Shoals:2 | Noticed Polyphemus
 37609 | Shoals:2 | Found a runed translucent gate.
 37610 | Shoals:2 | Found a runed translucent gate.
 37611 | Shoals:2 | Found a runed translucent gate.
 37612 | Shoals:2 | Identified the ring "Iwykacim" {Str+2 Int+2 SInv}
 38033 | Shoals:1 | Bought a scroll of magic mapping for 142 gold pieces
 38033 | Shoals:1 | Bought a scroll of vulnerability for 76 gold pieces
 38033 | Shoals:1 | Bought a scroll of teleportation for 57 gold pieces
 38033 | Shoals:1 | Bought a scroll of enchant armour for 142 gold pieces
 38113 | Lair:2   | Paralysed by a floating eye for 3 turns
 38121 | Lair:2   | Paralysed by a floating eye for 4 turns
 38544 | Orc:2    | Bought a scroll of blinking for 97 gold pieces
 38544 | Orc:2    | Bought a scroll of teleportation for 39 gold pieces
 38544 | Orc:2    | Bought a scroll of vulnerability for 52 gold pieces
 38563 | Orc:2    | Bought a scroll of teleportation for 75 gold pieces
 38581 | Orc:2    | Bought a scroll of enchant armour for 90 gold pieces
 38581 | Orc:2    | Bought a scroll of fog for 48 gold pieces
 38581 | Orc:2    | Bought a scroll of fear for 48 gold pieces
 38581 | Orc:2    | Bought a scroll of vulnerability for 48 gold pieces
 38581 | Orc:2    | Bought a scroll of fear for 48 gold pieces
 38581 | Orc:2    | Bought a scroll of teleportation for 36 gold pieces
 38887 | D:1      | Bought a fine ring mail for 243 gold pieces
 38887 | D:1      | Identified the +0 ring mail of Votuink {Contam rCorr Dex+8
                  | Stlth+} (You bought it in a shop on level 1 of the Dungeon)
 39659 | Snake:3  | Killed Bai Suzhen
 39755 | Snake:3  | Noticed Vashnia
 40230 | Snake:3  | Reached skill level 10 in Axes
 41458 | Snake:3  | Reached XP level 17. HP: 114/136 MP: 17/17
 41540 | Snake:3  | Noticed Maokuocsey's ghost (adept HOFi)
 41583 | Snake:3  | Found a runed translucent door.
 41860 | Snake:3  | Killed Vashnia
 42530 | Shoals:2 | Killed Polyphemus
 43257 | Shoals:3 | Found a frozen archway.
 43277 | IceCv    | Entered an ice cave
 43741 | IceCv    | Identified the +3 short sword of War {vamp, Int+6}
 44158 | IceCv    | Identified the ring "Dahatt" {rF+ rC- rN+ Int+2 Slay+3}
 45342 | Shoals:4 | Entered Level 4 of the Shoals
 45640 | Shoals:4 | Paralysed by an air elemental for 1 turns
 45646 | Shoals:4 | Paralysed by an air elemental for 1 turns
 46151 | Shoals:4 | Paralysed by an air elemental for 1 turns
 46801 | Shoals:4 | Identified the +0 troll leather armour "Ruddieb" {Fly
                  | Regen+}
 46802 | Shoals:4 | Identified the +0 plate armour of Death's Door {rElec}
 47077 | Shoals:4 | Noticed a titan
 47084 | Shoals:4 | Killed a titan
 47085 | Shoals:4 | Reached XP level 18. HP: 143/143 MP: 18/18
 47228 | Shoals:4 | Paralysed by an air elemental for 1 turns
 47230 | Shoals:4 | Paralysed by an air elemental for 1 turns
 47373 | Shoals:4 | Noticed Mara
 47454 | Shoals:4 | Noticed concernfroge's illusion
 47477 | Shoals:4 | Killed Mara
 47478 | Shoals:4 | Reached skill level 10 in Armour
 47613 | Shoals:4 | Paralysed by an air elemental for 1 turns
 47618 | Shoals:4 | Paralysed by an air elemental for 1 turns
 47939 | Shoals:4 | Got a barnacled rune of Zot
 48187 | Snake:4  | Entered Level 4 of the Snake Pit
 48689 | Snake:3  | Reached skill level 10 in Evocations
 48817 | Snake:4  | Reached skill level 10 in Shields
 49450 | Snake:4  | Got a serpentine rune of Zot
 49527 | Snake:4  | Noticed Aizul
 49536 | Snake:4  | Killed Aizul
 50919 | Elf:1    | Entered Level 1 of the Elven Halls
 51139 | Abyss:3  | Cast into level 3 of the Abyss (+2 halberd of distortion)
 51152 | Abyss:3  | Found a shadowy altar of Dithmenos.
 51228 | Abyss:3  | Paralysed by accursed screaming for 1 turns
 51331 | Abyss:4  | Noticed a bone dragon
 51363 | Abyss:4  | Killed a bone dragon
 51367 | Elf:1    | Escaped the Abyss
 51743 | Elf:1    | Paralysed by an air elemental for 1 turns
 51746 | Elf:1    | Paralysed by an air elemental for 1 turns
 51924 | Elf:1    | Reached XP level 19. HP: 152/152 MP: 19/19
 51982 | Elf:1    | Identified Wuunkep's Cyclopedia of Unholy Magic
 54073 | Elf:2    | Found Wuitok's Firing Range.
 54081 | Elf:2    | Bought 5 silver boomerangs for 135 gold pieces
 54081 | Elf:2    | Bought 2 atropa-tipped darts for 21 gold pieces
 54356 | Elf:2    | Found a runed translucent gate.
 54357 | Elf:2    | Found a runed translucent gate.
 54357 | Elf:2    | Found a runed translucent gate.
 55252 | Vaults:1 | Entered Level 1 of the Vaults
 55836 | Vaults:1 | Found Huxtolin's Weapon Shoppe.
 56011 | Vaults:1 | Bought 2 datura-tipped darts for 15 gold pieces
 56413 | Vaults:1 | Reached XP level 20. HP: 164/164 MP: 20/20
 57748 | Vaults:2 | Found a flickering gateway to a bazaar.
 57754 | Bazaar   | Entered a bazaar
 57758 | Bazaar   | Found Esteha's Jewellery Boutique.
 57764 | Bazaar   | Found Rybui's Armour Shop.
 57768 | Bazaar   | Found Optufrei's Distillery.
 57783 | Bazaar   | Found Jimodyec's Weapon Shop.
 57786 | Bazaar   | Found Gidusaggua's Distillery.
 58290 | Vaults:2 | Found a staircase to the Crypt.
 59612 | Vaults:3 | Reached XP level 21. HP: 147/171 MP: 21/21
 59944 | Vaults:3 | Identified the +7 morningstar of Division {freeze, rC++
                  | Dex+2}
 61131 | Vaults:3 | Noticed Sojobo
 61132 | Vaults:3 | Noticed Frederick
 61137 | Vaults:3 | Killed Sojobo
 61138 | Vaults:3 | Killed Frederick
 64440 | Vaults:5 | Entered Level 5 of the Vaults
 64829 | Vaults:4 | Reached XP level 22. HP: 123/182 MP: 22/22
 65057 | Vaults:5 | Identified the +0 ice dragon scales "Ixang" {rF- rC++ rN+
                  | Int+5 Slay-5 Stlth+}
 65468 | Vaults:4 | Reached skill level 15 in Fighting
 66326 | Vaults:5 | Noticed an ancient lich
 66344 | Vaults:5 | Killed an ancient lich
 66791 | Vaults:5 | Identified the +7 dagger "Takukko" {vamp, Str+7}
 66827 | Vaults:5 | Got a silver rune of Zot
 67325 | Vaults:5 | Identified the ring of Rearrop {Drain rC- Will+++ Int+5
                  | Dex+6}
 67898 | Vaults:5 | Reached skill level 15 in Armour
 67898 | Vaults:5 | Reached skill level 15 in Shields
 68418 | Vaults:5 | Identified the +6 short sword "Etzeu" {protect, *Noise
                  | Will++ rCorr Str+4}
 68660 | Vaults:5 | Identified Bustre's Cyclopedia of Ruinous Transformation
 69131 | Crypt:1  | Entered Level 1 of the Crypt
 69638 | Crypt:1  | Noticed Grunn
 69662 | Crypt:1  | Killed Grunn
 70533 | Crypt:1  | Reached XP level 23. HP: 179/190 MP: 23/23
 70942 | Crypt:2  | Noticed Zenata
 70959 | Crypt:2  | Killed Zenata
 72259 | Crypt:3  | Entered Level 3 of the Crypt
 72474 | Crypt:3  | Noticed Boris
 72503 | Crypt:3  | Killed Boris
 72671 | Crypt:3  | Found a staircase to the Tomb.
 72959 | Crypt:3  | Identified the +5 robe of Guraul {rPois Str+6 Dex-3}
 73350 | Crypt:3  | Noticed a dread lich
 73495 | Crypt:3  | Found an ancient bone altar of Kikubaaqudgha.
 73593 | Crypt:3  | Identified the ring "Qeitiv" {rN+ SInv}
 73593 | Crypt:3  | Identified the ring of Ametowi {rPois rF+ rN+ Str-3}
 73593 | Crypt:3  | Identified the ring "Igong" {+Blink rN+ SInv}
 73593 | Crypt:3  | Identified the +1 cloak "Zeteog" {rElec Str+3}
 73935 | Crypt:3  | Found the +7 great mace "Undeadhunter" {disrupt, rN+}
 73954 | Crypt:3  | Killed a dread lich
 75137 | Snake:3  | Killed Maokuocsey's ghost
 76257 | Slime:1  | Entered Level 1 of the Pits of Slime
 76257 | Slime:1  | Found a viscous altar of Jiyva.
 76460 | Slime:2  | Found a viscous altar of Jiyva.
 78229 | Slime:4  | Found a viscous altar of Jiyva.
 78437 | Slime:5  | Entered Level 5 of the Pits of Slime
 78578 | Slime:5  | Reached XP level 24. HP: 189/206 MP: 23/23
 79195 | Slime:5  | Noticed the Royal Jelly
 79242 | Slime:5  | Killed the Royal Jelly
 79762 | Slime:5  | Identified the amulet "Zehuf" {Spirit rCorr}
 79762 | Slime:5  | Identified the +10 battleaxe of Infection {speed, rElec
                  | rC++ Will- Int+3}
 79768 | Slime:5  | Found the +10 tower shield of Ignorance {rN+ Int-4}
 79768 | Slime:5  | Identified the ring of Makhleb's Reproof {Fly rCorr MP+9
                  | Int+4}
 80069 | Slime:5  | Identified the +1 chain mail of Pan-Flutes {Fly rC+++
                  | Regen+ Str-5}
 80090 | Slime:5  | Got a slimy rune of Zot
 81006 | Tomb:1   | Entered Level 1 of the Tomb of the Ancients
 81909 | Tomb:1   | Noticed a royal mummy
 81917 | Tomb:1   | Noticed a royal mummy
 81928 | Tomb:1   | Killed a royal mummy
 82048 | Tomb:1   | Noticed a royal mummy
 82083 | Tomb:1   | Noticed a royal mummy
 82095 | Tomb:1   | Killed a royal mummy
 82216 | Tomb:1   | Noticed a royal mummy
 82647 | Tomb:2   | Noticed a royal mummy
 82654 | Tomb:2   | Killed a royal mummy
 82654 | Tomb:2   | Noticed a royal mummy
 82669 | Tomb:2   | Noticed a royal mummy
 82679 | Tomb:2   | Identified the +8 glaive of Honour {vamp, +Blink rElec rC-
                  | Dex+6}
 82692 | Tomb:2   | HP: 9/208 [death scarab (2)]
 82693 | Tomb:2   | HP: 3/208 [death scarab (7)]
 82694 | Tomb:2   | Slain by a bennu

Illustrated notes

Levels and vault maps discovered:
D:1:      dpeg_arrival_shelter, layout_basic,
          hellmonk_ecumenical_altar_watching_god, serial_shops,
          nicolae_shop_waterfront, grunt_decor_resistance
D:2:      layout_basic, hangedman_abyss_or_decor_lesser_grid
D:3:      layout_basic, serial_shops, shop, shop, nicolae_shop_hallway_plus,
          nicolae_shop_trees, chequers_garden
D:4:      layout_basic, uniq_crazy_yiuf_cottage, uniq_blork_the_orc
D:5:      layout_loops_corners, grunt_temple_overflow_open, serial_shops,
          nicolae_shop_advertising_works [nicolae_subvault_shop_adworks],
          nicolae_take_the_stairs, kennysheep_windowed_goal
D:6:      layout_rooms, cheibriados_altar_1, uniq_edmund, uniq_grinder
D:7:      layout_rooms, old_standard_altar, minmay_temple_entry_tees,
          nicolae_lava_and_water, hangedman_decor_lopped,
          dilly_guarded_unrand_throatcut, uniq_prince_ribbit1, uniq_duvessa,
          uniq_pikel
D:8:      layout_basic, amcnicky_altar_gilded, nicolae_ossuary_entry_giza
D:9:      layout_loops_corners, uniq_amaemon
D:10:     layout_rooms, david_lair_generic, uniq_urug, uniq_harold, uniq_snorg
D:11:     layout_grid_maze, zombieorc2_lemuel
D:12:     layout_rooms
D:13:     layout_gridville, trove_entry_hex_spiral
D:14:     layout_gridville, grunt_vaults_entry_fortified, chequers_arboretum
D:15:     hangedman_depths_entry_civil_slaughter, layout_long_grid,
          nicolae_dithmenos_the_darkroom, hangedman_abyss_or_decor_stagger
Temple:   nicolae_temple_no_exploring_needed
Lair:1:   layout_chaotic_city, serial_bayou_shore_b
Lair:2:   layout_cellular_growth, guppyfry_snake_entry_island, disabler_island,
          uniq_sonja
Lair:3:   layout_gridlike, shoals_dummy_entry, enter_volcano_4,
          chequers_serial_rivers_marsh, roderic_carrion_pond, grunt_megastairs_3
Lair:4:   layout_concentric_octagons
Lair:5:   wormcave, layout_regular_city, hangedman_lair_tendril_chambers,
          nicolae_slime_entry_slimehenge, serial_bayou_shore_b
Shoals:1: layout_shoals, serial_shops, nicolae_lakefront_shop, uniq_kirke
Shoals:2: layout_shoals, nicolae_shoals_beach_cooler, uniq_polyphemus
Shoals:3: layout_shoals, portal_ice_cave_entry_pillars_four
Shoals:4: shoals_end_hellmonk_storm_palace [storm_palace_center_circular,
          storm_palace_corner_blocked, storm_palace_corner_pillars,
          storm_palace_corner_narrow, storm_palace_corner_narrow], uniq_mara
Snake:1:  layout_onion_interference, grunt_megastairs_4, lemuel_fruit_tree,
          uniq_nikola
Snake:2:  layout_rooms
Snake:3:  kennysheep_six_static_rooms, layout_basic,
          hellmonk_ghost_happy_afterlife, uniq_bai_suzhen, uniq_vashnia
Snake:4:  snake_hunt, layout_cave_town, nicolae_snake_linked_coils,
          grunt_ministairs_15, uniq_aizul
Slime:1:  layout_caves, basic_altar
Slime:2:  layout_caves, basic_altar
Slime:3:  layout_caves, nicolae_slime_barrier
Slime:4:  layout_caves, basic_altar
Slime:5
Orc:1:    layout_diamond_mine, uniq_nergalle
Orc:2:    hellmonk_orc_salted, layout_caves
Elf:1:    layout_geoelf_diagonals, minmay_elf_necromancy
Elf:2:    nicolae_elf_blades_crystal_corner, layout_gridlike,
          nicolae_shop_firing_range
Vaults:1: vaults_dpeg_emergency_exit, nicolae_vaults_big_ls,
          dpeg_vaults_monster_row, v_rooms_3, v_misc_15,
          nicolae_vaults_sealed_display, v_misc_23, grunt_vaults_swirl,
          vaults_room_stairs_pillars, nicolae_vaults_stairing_the_circle,
          layout_vaults_maze_bifur, serial_shops, nicolae_shop_hallway_stairs
Vaults:2: portal_desolation_entry_twin_temple, hangedman_vaults_variations,
          hangedman_vaults_pinch, nicolae_vaults_network_star,
          hangedman_vaults_capsules, nicolae_vaults_windows_and_doors_thing,
          nicolae_vaults_border_crossing, grunt_vaults_diagonal,
          minmay_crypt_entry_skeletal_spiral, v_misc_25, layout_vaults_omnibox,
          serial_shops, bzr_entry_water
Vaults:3: grunt_vaults_trifunnel, vaults_standard_mumra_enter_the_diamond,
          nicolae_vaults_big_angled_halls, hangedman_vaults_unwind,
          v_alt_pattern_5, v_misc_30, nicolae_vaults_alarming,
          nicolae_vaults_little_ls, vaults_room_semicircle,
          layout_vaults_big_cross, uniq_sojobo, uniq_frederick
Vaults:4: nicolae_vaults_big_angled_halls, v_misc_1,
          nicolae_vaults_little_squares_4, vaults_room_boxed,
          nicolae_vaults_three_branches, v_misc_2, vaults_room_door_ring,
          v_rooms_6, v_misc_1, ontoclasm_vaults_gateway, layout_vaults_omnigrid
Vaults:5
Crypt:1:  layout_gridlike, grunt_ministairs_12, uniq_grunn
Crypt:2:  layout_misc_corridors, uniq_zenata
Crypt:3:  evilmike_haunted_forest, uniq_boris
Tomb:1
Tomb:2

Skill      XL: |  1  2  3  4  5  6  7  8  9 10 11 12 13 14 15 16 17 18 19 20 21 22 23 24 |
---------------+-------------------------------------------------------------------------+-----
Fighting       | 4 5 6 7 10 11 13 14 15 17 | 17.5
Polearms       | 3 5 8 11 13 | 13.2
Armour         | 3 5 7 8 9 11 12 14 15 16 17 | 17.2
Dodging        | 3 5 7 8 |  8.3
Throwing       | 2 5 6 10 14 | 14.1
Evocations     | 2 5 7 8 9 10 12 14 | 14.1
Axes           | 5 10 13 | 13.3
Shields        | 5 7 8 11 12 14 15 16 17 | 17.2
Stealth        | |  1.5

Action                   |  1- 3 |  4- 6 |  7- 9 | 10-12 | 13-15 | 16-18 | 19-21 | 22-24 || total
-------------------------+-------+-------+-------+-------+-------+-------+-------+-------++-------
Melee: Spear             |   116 |       |       |       |       |       |       |       ||   116
       Morningstar       |    39 |    25 |       |       |       |       |       |       ||    64
       Halberd           |       |    59 |   225 |   495 |   818 |       |       |       ||  1597
       Broad axe         |       |       |       |       |    68 |   867 |   111 |   440 ||  1486
       Demon trident     |       |       |       |       |       |   106 |   986 |   951 ||  2043
Throw: Dart              |     9 |     8 |     7 |    38 |    61 |    41 |    39 |     7 ||   210
       Boomerang         |       |       |       |     7 |     7 |   312 |   118 |   197 ||   641
       Throwing net      |       |       |       |     1 |       |       |     3 |     7 ||    11
       Javelin           |       |       |       |       |       |    19 |    20 |    22 ||    61
       Stone             |       |       |       |       |       |       |       |    10 ||    10
Invok: Curse Item        |       |       |       |     5 |     4 |     3 |     1 |     2 ||    15
       Shatter the Chain |       |       |       |       |     3 |     3 |       |     3 ||     9
Evoke: Wand              |       |     3 |     6 |    12 |    38 |    61 |    17 |     9 ||   146
       Box of beasts     |       |       |       |     1 |     3 |    10 |     9 |     8 ||    31
       Phantom mirror    |       |       |       |       |     4 |     5 |     9 |     9 ||    27
       Phial of floods   |       |       |       |       |     1 |     1 |     8 |     5 ||    15
       Condenser vane    |       |       |       |       |       |     5 |     5 |     3 ||    13
       Tin of tremorston |       |       |       |       |       |     5 |    10 |     6 ||    21
  Use: Scroll            |       |     9 |     5 |     8 |    22 |    20 |    12 |    23 ||    99
 Stab: Paralysed         |       |     2 |     3 |     3 |     8 |    27 |     2 |       ||    45
       Distracted        |       |       |       |     3 |     1 |     3 |    26 |    24 ||    57
       Held in net/web   |       |       |       |     1 |       |       |       |     2 ||     3
       Invisible         |       |       |       |       |       |       |     1 |       ||     1
Armor: Plate armour      |    88 |   156 |    64 |       |       |       |       |       ||   308
       Chain mail        |       |       |    16 |   129 |   203 |   117 |       |       ||   465
       Crystal plate arm |       |       |       |       |       |   283 |   279 |   387 ||   949
       Acid dragon scale |       |       |       |       |       |       |       |    43 ||    43
Dodge: Dodged            |    24 |    62 |    50 |   203 |   489 |   302 |   124 |   194 ||  1448
Block: Tower shield      |       |       |       |       |   100 |   883 |   615 |  1198 ||  2796
       Reflection        |       |       |       |       |       |       |       |    13 ||    13
       Rpst.: Halberd    |       |       |       |       |    47 |       |       |       ||    47
       Broad axe         |       |       |       |       |    20 |   238 |    60 |   190 ||   508
       Demon trident     |       |       |       |       |       |    25 |   111 |   209 ||   345
